 Dungeon Crawl Stone Soup version 0.20.2-3-g29329e0561 (webtiles) character file.

12541 Pixllover the Spear-Bearer (level 11, 0/151 HPs)
             Began as a Minotaur Berserker on Jan 15, 2021.
             Was a High Priest of Trog.
             Shot with an arrow by a centaur (7 damage)
             ... on level 11 of the Dungeon.
             The game lasted 00:28:58 (8726 turns).

Pixllover the Spear-Bearer (Minotaur Berserker)     Turns: 8726, Time: 00:28:59

Health: 0/151      AC: 11    Str: 32 (34) XL:     11   Next: 63%
Magic:  10/10      EV: 16    Int:  4      God:    Trog [*****.]
Gold:   462        SH:  0    Dex:  9 (10) Spells: 10/10 levels left

rFire    . . .     SeeInvis .   t - +6 glaive (flame)
rCold    + . .     Gourm    .   (shield currently unavailable)
rNeg     . . .     Faith    +   J - +0 scale mail {rC+}
rPois    .         Spirit   .   (helmet restricted)
rElec    .         Reflect  .   o - +0 cloak
rCorr    .         Harm     .   z - +0 pair of gloves
MR       .....                  (no boots)
Stlth    ..........             p - amulet of faith
Regen    0.4/turn               l - +4 ring of strength
MPRegen  0.2/turn               a - +3 ring of evasion

@: berserking, very quick
A: retaliatory headbutt, horns 2
a: Berserk, Trog's Hand, Brothers in Arms, Burn Spellbooks, Renounce Religion


You were on level 11 of the Dungeon.
You worshipped Trog.
Trog was extremely pleased with you.
You were very hungry.

You visited 1 branch of the dungeon, and saw 11 of its levels.

You collected 567 gold pieces.
You spent 105 gold pieces at shops.

Inventory:

Hand Weapons
 t - a +6 glaive of flaming (weapon)
Armour
 o - a +0 cloak (worn)
 z - a +0 pair of gloves (worn)
 J - a +0 scale mail of cold resistance (worn)
Jewellery
 a - a +3 ring of evasion (right hand)
 k - an uncursed ring of positive energy {unknown}
 l - a +4 ring of strength (left hand)
 p - an amulet of faith (around neck)
Wands
 m - a wand of acid (5/15)
 H - a wand of lightning (5/15)
Scrolls
 d - a scroll of identify
 g - 4 scrolls of recharging
 h - 7 scrolls of remove curse
 i - 5 scrolls of teleportation
 j - a scroll of fear {unknown}
 E - a scroll of blinking
 K - a scroll of immolation
Potions
 e - a potion of cancellation
 q - 3 potions of heal wounds
 r - a potion of haste {unknown}
 s - 4 potions of flight
 u - a potion of brilliance {unknown}
 v - a potion of magic {unknown}
 A - 2 potions of ambrosia {unknown}
 B - 2 potions of resistance
 D - 2 potions of might {unknown}
 F - a potion of agility {unknown}
 I - 5 potions of curing
Comestibles
 c - 10 bread rations
 f - 9 fruits
 n - 2 meat rations
 x - 4 royal jellies


   Skills:
 + Level 10.5 Fighting
   Level 8.9(12.3) Axes
 + Level 13.5(14.4) Polearms
 + Level 9.7 Armour
 + Level 5.9 Dodging
 + Level 2.9 Stealth


You had 10 spell levels left.
You didn't know any spells.

Dungeon Overview and Level Annotations

Branches:
Dungeon (11/15)            Temple (0/1) D:7            Lair (0/6) D:8
    Orc: D:9-12

Altars:
Cheibriados
Elyvilon
Hepliaklqana
Makhleb
Nemelex Xobeh
Ru
Uskayaw
Zin
The Shining One

Shops:
D:4 *   D:9 }


Innate Abilities, Weirdness & Mutations

You reflexively headbutt those who attack you in melee.
You have a pair of horns on your head.


Message History

The ogre hits you with a giant spiked club!
* * * LOW HITPOINT WARNING * * *
A red film seems to cover your vision as you go berserk!
You feel yourself moving faster!
You feel mighty!
You are feeling very hungry.
The bullfrog zombie hits you but does no damage.
The centaur shoots an arrow.
The arrow barely misses you. The bullfrog zombie misses you.
You furiously retaliate!
You headbutt the bullfrog zombie!! You barely miss the ogre.
You headbutt the ogre!!
The ogre is severely wounded.
The centaur shoots an arrow.
The arrow hits you!
* * * LOW HITPOINT WARNING * * *
The ogre closely misses you.
You slice the ogre!! You burn the ogre.
You kill the ogre!
Trog accepts your kill.
The bullfrog zombie completely misses you.
The centaur shoots an arrow.
The arrow hits you!
You die...

.....#
........##
.........##
..........##
...........##
..(........(##
.......$..((<##
.......)).....#
.....(.@.....##
.......)Zc..##
...........##
............#
.........##.#
........## .#
......### ..
...... .#


You could see a centaur and a bullfrog zombie.

Vanquished Creatures
  The ghost of Alfie the Carver, a journeyman MiFi (D:10)
  3 two-headed ogres
  The ghost of Alfie the Carver, a novice MiFi (D:8)
  Pikel (D:9)
  The ghost of Alfie the Carver, a novice MiFi (D:6)
  A wizard (D:10)
  Maurice (D:9)
  2 gargoyles (D:10)
  Psyche (D:9)
  A komodo dragon (D:8)
  Grinder (D:5)
  Prince Ribbit (D:9)
  4 hippogriffs
  A spriggan (D:7)
  3 yaks (D:10)
  A hungry ghost (D:8)
  A water moccasin (D:9)
  3 orc warriors
  2 sky beasts
  5 ogres
  An eye of draining (D:10)
  3 phantoms
  6 centaurs
  Blork the orc (D:4)
  A big kobold (D:7)
  6 bullfrogs
  A wyvern zombie (D:8)
  A water moccasin skeleton (D:8)
  2 scorpions (D:7)
  5 killer bees (D:10)
  3 wights (D:9)
  5 howler monkeys
  4 crimson imps
  2 jellies
  10 hounds
  A quasit (D:5)
  A gnoll shaman (D:5)
  2 orc priests
  2 bullfrog skeletons
  A centaur skeleton (D:9)
  3 iguanas
  Jessica (D:2)
  Natasha (twice) (D:2)
  11 orc wizards
  6 worker ants
  A killer bee zombie (D:6)
  A hound zombie (D:5)
  A hound skeleton (D:7)
  7 gnolls
  5 adders
  A howler monkey skeleton (D:4)
  2 shadow imps (D:7)
  An ooze (D:1)
  An adder skeleton (D:10)
  An adder zombie (D:7)
  2 worms (D:2)
  A leopard gecko (D:9)
  18 orcs
  2 giant cockroaches
  16 goblins
  6 hobgoblins
  4 jackals (D:5)
  9 kobolds
  A quokka (D:6)
  9 bats
  4 frilled lizards
  7 rats
  A plant (D:8)
217 creatures vanquished.

Vanquished Creatures (others)
  3 plants (D:8)
3 creatures vanquished.

Grand Total: 220 creatures vanquished

Notes
Turn   | Place    | Note
-------+----------+-------------------------------------------
     0 | D:1      | Pixllover the Minotaur Berserker began the quest for the Orb.
     0 | D:1      | Reached XP level 1. HP: 19/19 MP: 0/0
   266 | D:1      | Reached XP level 2. HP: 23/27 MP: 1/1
   302 | D:1      | You fall through a shaft!
   386 | D:2      | Found a white marble altar of Elyvilon.
   412 | D:2      | Noticed Natasha
   421 | D:2      | HP: 1/27 [Natasha/magic dart (8)]
   425 | D:2      | Killed Natasha
   425 | D:2      | Reached XP level 3. HP: 2/34 MP: 2/2
   689 | D:1      | Reached ** piety under Trog
  1545 | D:2      | Reached XP level 4. HP: 23/41 MP: 3/3
  1600 | D:2      | Noticed Jessica
  1601 | D:2      | Noticed Natasha
  1601 | D:2      | Killed Jessica
  1603 | D:2      | Killed Natasha
  1603 | D:2      | Reached skill level 5 in Fighting
  1901 | D:3      | Reached XP level 5. HP: 22/48 MP: 4/4
  2115 | D:3      | Found a hide-covered altar of Uskayaw.
  2126 | D:3      | Found a sparkling altar of Nemelex Xobeh.
  2133 | D:3      | Found a glowing silver altar of Zin.
  2395 | D:3      | Reached skill level 5 in Axes
  2959 | D:4      | Found Zoskoll's General Store.
  2960 | D:4      | Reached *** piety under Trog
  3031 | D:4      | Noticed Blork the orc
  3037 | D:4      | Noticed a phantom
  3037 | D:4      | Killed Blork the orc
  3037 | D:4      | Reached skill level 1 in Stealth
  3037 | D:4      | Reached XP level 6. HP: 13/56 MP: 5/5
  3046 | D:4      | HP: 2/56 [phantom (4)]
  3069 | D:4      | HP: 2/56 [phantom (4)]
  3530 | D:4      | Bought a +0 chain mail for 63 gold pieces
  3530 | D:4      | Bought a scroll of remove curse for 42 gold pieces
  4088 | D:4      | Reached XP level 7. HP: 62/62 MP: 6/6
  4121 | D:4      | Found a glowing golden altar of the Shining One.
  4266 | D:5      | Entered Level 5 of the Dungeon
  4375 | D:5      | Noticed Grinder
  4380 | D:5      | Killed Grinder
  4380 | D:5      | Reached skill level 1 in Polearms
  4507 | D:5      | Noticed a two-headed ogre
  4512 | D:5      | Killed a two-headed ogre
  4512 | D:5      | Reached skill level 3 in Polearms
  4512 | D:5      | Reached skill level 5 in Armour
  4512 | D:5      | Reached XP level 8. HP: 57/71 MP: 7/7
  4543 | D:5      | Reached skill level 4 in Polearms
  4547 | D:5      | Found a burning altar of Makhleb.
  4677 | D:5      | Reached skill level 5 in Dodging
  4742 | D:6      | Noticed Alfie's ghost (novice MiFi)
  4756 | D:6      | Killed Alfie's ghost
  4756 | D:6      | Reached skill level 6 in Polearms
  4756 | D:6      | Reached XP level 9. HP: 65/79 MP: 8/8
  4774 | D:6      | Reached **** piety under Trog
  5318 | D:6      | Reached skill level 7 in Polearms
  5747 | D:7      | Found a staircase to the Ecumenical Temple.
  6010 | D:7      | Reached skill level 8 in Polearms
  6015 | D:7      | Reached ***** piety under Trog
  6245 | D:8      | Noticed Alfie's ghost (novice MiFi)
  6255 | D:8      | Killed Alfie's ghost
  6255 | D:8      | Reached skill level 9 in Polearms
  6286 | D:8      | Reached XP level 10. HP: 81/88 MP: 9/9
  6671 | D:8      | Found a staircase to the Lair.
  6692 | D:8      | Reached skill level 10 in Polearms
  6914 | D:8      | Found a sacrificial altar of Ru.
  6914 | D:8      | Found a burning altar of Makhleb.
  6922 | D:8      | Found a hazy altar of Hepliaklqana.
  6925 | D:8      | Found a glowing golden altar of the Shining One.
  6931 | D:8      | Found a snail-covered altar of Cheibriados.
  6995 | D:9      | Noticed Prince Ribbit
  7004 | D:9      | Killed Prince Ribbit
  7215 | D:9      | Noticed Psyche
  7219 | D:9      | Killed Psyche
  7219 | D:9      | Reached skill level 11 in Polearms
  7349 | D:9      | Found Zuad's Gadget Emporium.
  7367 | D:9      | Noticed Maurice
  7385 | D:9      | Killed Maurice
  7400 | D:9      | Noticed a two-headed ogre
  7407 | D:9      | Killed a two-headed ogre
  7493 | D:9      | Noticed Pikel
  7498 | D:9      | Killed Pikel
  7498 | D:9      | Reached skill level 12 in Polearms
  7498 | D:9      | Reached XP level 11. HP: 69/97 MP: 10/10
  7782 | D:10     | Entered Level 10 of the Dungeon
  7993 | D:10     | Noticed a wizard
  7993 | D:10     | Noticed a two-headed ogre
  7998 | D:10     | Killed a two-headed ogre
  8004 | D:10     | Killed a wizard
  8004 | D:10     | Received a gift from Trog
  8110 | D:10     | Noticed Alfie's ghost (journeyman MiFi)
  8115 | D:10     | Reached skill level 10 in Fighting
  8122 | D:10     | Reached skill level 13 in Polearms
  8126 | D:10     | Killed Alfie's ghost
  8725 | D:11     | HP: 7/151 [centaur/arrow (7)]
  8726 | D:11     | Shot with an arrow by a centaur

Skill      XL: |  1  2  3  4  5  6  7  8  9 10 11 |
---------------+----------------------------------+-----
Fighting       | 4 5 6 7 8 9 10 | 10.5
Axes           | 4 5 6 8 |  8.9
Dodging        | 3 4 5 |  5.9
Stealth        | 1 2 |  2.9
Armour         | 5 6 7 9 |  9.7
Polearms       | 3 6 9 12 13 | 13.5

Action                   |  1- 3 |  4- 6 |  7- 9 | 10-12 || total
-------------------------+-------+-------+-------+-------++-------
Melee: Hand axe          |    46 |       |       |       ||    46
       Headbutt          |     5 |    13 |    27 |    29 ||    74
       War axe           |    16 |    93 |       |       ||   109
       Glaive            |       |       |   138 |   197 ||   335
Invok: Berserk           |     1 |       |     2 |     2 ||     5
       Burn Spellbooks   |       |       |       |     1 ||     1
  Use: Potion            |     1 |       |       |     2 ||     3
       Scroll            |     1 |     2 |     7 |     7 ||    17
 Stab: Sleeping          |       |     1 |       |       ||     1
  Eat: Chunk             |     3 |     8 |     8 |     7 ||    26
       Royal jelly       |       |       |       |     1 ||     1
Armor: Animal skin       |    12 |    13 |       |       ||    25
       Chain mail        |       |    19 |    93 |    26 ||   138
       Scale mail        |       |       |       |    63 ||    63
Dodge: Dodged            |    54 |    75 |   128 |   143 ||   400
